 Dungeon Crawl Stone Soup version 0.28-a0-1594-ga885d4b3d6 (webtiles) character file.

Game seed: 11095998952383762774

3471 grumblor the Fighter (level 9, -3/79 HPs)
             Began as a Mummy Fighter on Jan 21, 2022.
             Was an Initiate of Gozag.
             Slain by a hornet zombie (5 damage)
             ... on level 7 of the Dungeon.
             The game lasted 00:16:06 (9165 turns).

grumblor the Fighter (Mummy Fighter)                Turns: 9165, Time: 00:16:07

Health: -3/79      AC: 15    Str: 23    XL:     9   Next: 79%
Magic:  9/9        EV:  6    Int:  7    God:    Gozag
Gold:   335        SH:  6    Dex: 12    Spells: 8/8 levels left

rFire   x . .      SeeInvis .   a - +0 war axe (venom)
rCold   + . .      Faith    .   c - +1 buckler
rNeg    + + +      Spirit   .   h - +0 plate armour
rPois   ∞          Reflect  .   (no helmet)
rElec   .          Harm     .   o - +0 cloak
rCorr   .          Rampage  .   i - +0 pair of gloves
Will    ++...                   g - +0 pair of boots
Stlth   ..........              (no amulet)
HPRegen 0.23/turn               e - ring of flight
MPRegen 0.11/turn               b - ring of willpower

@: gold aura, flying
A: cold resistance 1, negative energy resistance 3, torment resistance 2, heat
vulnerability 1, no potions
a: Renounce Religion, Potion Petition, Call Merchant, Bribe Branch


You were on level 7 of the Dungeon.
You worshipped Gozag.
Gozag was aware of your devotion.
You visited 2 branches of the dungeon, and saw 8 of its levels.

You collected 448 gold pieces.
You paid 113 gold pieces to Gozag.

Inventory:

Hand Weapons
 a - a +0 war axe of venom (weapon)
 j - the +6 dagger of Riyc {speed, rF+ Int+3}
   (You found it on level 4 of the Dungeon)

   Attacks with this weapon are significantly faster.
   Int:       It affects your intelligence (+3).
   rF:        It protects you from fire.
Missiles
 k - 6 boomerangs (quivered)
 l - 21 poisoned darts
Armour
 c - a +1 buckler (worn)
 g - a +0 pair of boots (worn)
 h - a +0 plate armour (worn)
 i - a +0 pair of gloves (worn)
 o - a +0 cloak (worn)
Jewellery
 b - a ring of willpower (right hand)
 e - a ring of flight (left hand)
Wands
 d - a wand of digging (6)
 n - a wand of acid (25)
 p - a wand of flame (4)
 r - a wand of polymorph (1)
Scrolls
 f - 3 scrolls of magic mapping
 m - 3 scrolls of teleportation


   Skills:
 * Level 10.8 Fighting
 - Level 4.0 Axes
 - Level 2.0 Throwing
 - Level 4.0 Armour
 - Level 2.0 Dodging
 - Level 4.0 Shields
 - Level 4.0 Evocations


You had 8 spell levels left.
You didn't know any spells.
Your spell library contained the following spells:

 Spells                   Type           Power      Damage    Failure   Level
 Magic Dart               Conj           0%         1d3       100%        1
 Blink                    Tloc           0%         N/A       100%        2
 Call Imp                 Summ           0%         N/A       100%        2
 Lesser Beckoning         Tloc           0%         N/A       100%        3
 Mephitic Cloud           Conj/Pois/Air  0%         N/A       100%        3
 Manifold Assault         Tloc           0%         N/A       100%        5


Dungeon Overview and Level Annotations

Branches:
Dungeon (7/15)             Temple (1/1) D:7

Altars:
Ashenzari
Cheibriados
Dithmenos
Elyvilon
Fedhas
Gozag
Hepliaklqana
Kikubaaqudgha
Makhleb
Nemelex Xobeh
Okawaru
Qazlal
Ru
Sif Muna
Trog
Uskayaw
Vehumet
Xom
Yredelemnul
Zin
The Shining One

Shops:
D:1 *?[   D:2 (


Innate Abilities, Weirdness & Mutations

You are immune to poison.
Your flesh is cold resistant. (rC+)
You are immune to negative energy. (rN+++)
You are immune to unholy pain and torment.
You are vulnerable to heat. (rF-)
You do not drink.


Message History

Press: ? - help, Shift-Dir - straight line, f - wyvern zombie
Aim: a wyvern zombie (91% to hit)
The bolt of acid hits the sky beast!
The sky beast is almost dead.
The bolt of acid hits the scorpion!
The acid corrodes the scorpion!
The scorpion is severely wounded.
The bolt of acid hits the wyvern zombie!
The acid corrodes the wyvern zombie!
The wyvern zombie is moderately damaged.
The wyvern zombie is no longer distracted by gold.
The sky beast barely misses you. The manticore bites you.
* * * LOW HITPOINT WARNING * * *
The manticore claws you.
* * * LOW HITPOINT WARNING * * *
The manticore claws you.
* * * LOW HITPOINT WARNING * * *
The hornet zombie hits you but does no damage.
Unknown command.
Unknown command.
Okay, then.
Okay, then.
As you read the scroll labelled UNUGIEMENE, it crumbles to dust.
You assume a fearsome visage.
The scorpion looks frightened!
The hornet zombie is unaffected.
The manticore looks frightened!
The sky beast looks frightened!
The wyvern zombie is unaffected.
It was a scroll of fear.
The hornet zombie barely misses you.
Aiming: Corrosive Bolt
Press: ? - help, Shift-Dir - straight line, f - scorpion, p - wyvern zombie
Aim: a scorpion (severely wounded, fleeing, covered in acid, 74% to hit)
The bolt of acid hits the sky beast!!
You kill the sky beast!
The bolt of acid hits the wyvern zombie!
The wyvern zombie seems to be corroded for longer.
The wyvern zombie is almost destroyed.
The bolt of acid hits the scorpion!
The scorpion seems to be corroded for longer.
You kill the scorpion!
The hornet zombie hits you.
You die...
Your body crumbles into a pile of gold.

#...#######....#..####...
##...##...##......###....
#####.....#...#...####'#
.......#...##........
#.....#...###.......
#.$.##...........!.
#Z##.....##.......
#$#......##.......
#@Z......###......
#.#....<.####.....
#H##......##......
...####........... ....
#.......##....
......#......###....
#####..$..#.......##....
##...##...##......####..#
####.....## ##.....# ##..


You could see a manticore (fleeing, extremely poisoned), a wyvern zombie
(corroded) and a hornet zombie.

Vanquished Creatures
  Maggie (D:7)
  Grinder (D:4)
  A vampire (D:7)
  2 steam dragons (D:7)
  2 ice beasts
  2 sky beasts
  A black bear (D:6)
  2 necrophages
  3 ogres
  2 phantoms
  2 kobold brigands
  2 bullfrogs (D:7)
  A wyvern zombie (D:7)
  5 scorpions
  A water moccasin zombie (D:6)
  4 killer bees (D:5)
  5 wights
  2 howler monkeys (D:5)
  A centaur zombie (D:7)
  A bullfrog zombie (D:5)
  A centaur skeleton (D:7)
  2 hounds (D:5)
  Crazy Yiuf (D:6)
  2 gnoll shamans
  A jelly (D:6)
  3 iguanas
  A howler monkey zombie (D:7)
  9 gnolls
  6 adders
  A shadow imp (D:7)
  2 white imps (D:7)
  An ufetubus (D:4)
  An adder skeleton (D:4)
  2 worms
  A dart slug (D:3)
  2 orcs
  4 bats (D:1)
  8 endoplasms
  6 giant cockroaches
  4 goblins
  4 hobgoblins
  7 jackals
  13 kobolds
  3 quokkas
  7 ball pythons
  4 frilled lizards
  6 rats
143 creatures vanquished.

Notes
Turn   | Place    | Note
-------+----------+-------------------------------------------
     0 | D:1      | grumblor the Mummy Fighter began the quest for the Orb.
     0 | D:1      | Reached XP level 1. HP: 18/18 MP: 1/1
   148 | D:1      | Found Goulaa's Assorted Antiques.
   176 | D:1      | Reached XP level 2. HP: 20/24 MP: 2/2
   361 | D:1      | Found Xuonnupn's Antique Armour Boutique.
   363 | D:1      | Found Faokhopt's Magic Scroll Emporium.
   810 | D:2      | Reached XP level 3. HP: 30/30 MP: 3/3
  1018 | D:2      | Reached skill level 1 in Dodging
  1148 | D:2      | Found Epammant's Weapon Boutique.
  1305 | D:2      | Found a faded altar of an unknown god.
  1345 | D:2      | Reached XP level 4. HP: 36/37 MP: 4/4
  2205 | D:3      | Reached skill level 4 in Fighting
  2358 | D:4      | Noticed an ogre
  2369 | D:4      | Killed an ogre
  2370 | D:4      | Reached XP level 5. HP: 41/42 MP: 5/5
  2719 | D:4      | Identified the +6 dagger of Riyc {speed, rF+ Int+3}
  2899 | D:4      | Noticed a necrophage
  2909 | D:4      | Killed a necrophage
  2910 | D:4      | Reached skill level 1 in Throwing
  2910 | D:4      | Reached XP level 6. HP: 47/49 MP: 6/6
  3441 | D:4      | Noticed Grinder
  3453 | D:4      | Paralysed by Grinder for 6 turns
  3460 | D:4      | Killed Grinder
  3461 | D:4      | Reached skill level 5 in Fighting
  3461 | D:4      | Reached XP level 7. HP: 36/56 MP: 7/7
  3636 | D:4      | Found a blossoming altar of Fedhas.
  3880 | D:5      | Entered Level 5 of the Dungeon
  4321 | D:5      | Reached skill level 1 in Evocations
  4505 | D:5      | Reached skill level 6 in Fighting
  4505 | D:5      | Reached XP level 8. HP: 42/64 MP: 8/8
  5653 | D:6      | Reached skill level 7 in Fighting
  6545 | D:6      | Found an iron altar of Okawaru.
  6545 | D:6      | Found a hide-covered altar of Uskayaw.
  6553 | D:6      | Found a sacrificial altar of Ru.
  6555 | D:6      | Found a stormy altar of Qazlal.
  6646 | D:6      | Found a runed translucent door.
  6647 | D:6      | Noticed Crazy Yiuf
  6975 | D:6      | Killed Crazy Yiuf
  7101 | D:6      | Reached skill level 8 in Fighting
  7101 | D:6      | Reached XP level 9. HP: 46/74 MP: 9/9
  7503 | D:7      | Found a staircase to the Ecumenical Temple.
  7513 | Temple   | Entered the Ecumenical Temple
  8037 | D:7      | Found an opulent altar of Gozag.
  8049 | D:7      | Became a worshipper of Gozag Ym Sagoz the Greedy
  8068 | D:7      | Noticed Maggie
  8086 | D:7      | Killed Maggie
  8087 | D:7      | Reached skill level 9 in Fighting
  8578 | D:7      | Reached skill level 10 in Fighting
  9146 | D:7      | Noticed a manticore
  9163 | D:7      | HP: 1/79 [manticore (5)]
  9165 | D:7      | Slain by a hornet zombie

Illustrated notes

Levels and vault maps discovered:
D:1:      minmay_arrival_four_houses, layout_basic, serial_shops, shop, shop,
          nicolae_diamond_shop, minmay_heptomino_o4
D:2:      layout_loops_cross, serial_shops, nicolae_shop_bloodbath_and_beyond,
          nicolae_ecumenical_snake_handling, grunt_decor_mini_mirrors
D:3:      layout_basic
D:4:      layout_gridville, fedhas_altar_fruit_tree,
          minmay_large_rounded_square, uniq_grinder
D:5:      layout_basic
D:6:      layout_loops_corners, chequers_temple_overflow_minitemple,
          uniq_crazy_yiuf_cottage
D:7:      minmay_octagon_keep, layout_cave_pools, lemuel_crystal_altar,
          minmay_temple_entry_junction, chequers_serial_rivers_small_b,
          amcnicky_mini_rare_corridor_liquid, minmay_quadrilaterals, uniq_maggie
Temple:   eino_temple_lava

Skill      XL: |  1  2  3  4  5  6  7  8  9 |
---------------+----------------------------+-----
Axes           | 2 3 4 |  4.0
Dodging        | 1 2 |  2.0
Fighting       | 4 5 6 8 10 | 10.8
Throwing       | 1 2 |  2.0
Armour         | 3 4 |  4.0
Evocations     | 1 3 4 |  4.0
Shields        | 3 4 |  4.0

Action                   |  1- 3 |  4- 6 |  7- 9 || total
-------------------------+-------+-------+-------++-------
Melee: War axe           |    94 |    79 |    90 ||   263
       Dagger            |       |    52 |   276 ||   328
Throw: Dart              |       |     8 |    19 ||    27
       Boomerang         |       |       |    29 ||    29
Evoke: Wand              |       |       |     4 ||     4
  Use: Scroll            |     2 |     1 |     6 ||     9
Armor: Scale mail        |    48 |    41 |    29 ||   118
       Plate armour      |       |       |   137 ||   137
Dodge: Dodged            |    49 |    39 |   120 ||   208
Block: Buckler           |    24 |    33 |    87 ||   144

Table legend: (Time is in decaauts)
 A = Elapsed time spent in this place.
 B = Non-inter-level travel time spent in this place.
 C = Inter-level travel time spent in this place.
 D = Time resting spent in this place.
 E = Time spent auto-exploring this place.
 F = Levels seen in this place.
 G = Mean time per level.
                   A        B        C        D        E       F      G
               +--------+--------+--------+--------+--------+-----+--------+
         Total |   9178 |   8895 |    283 |   2072 |   5488 |   8 | 1147.2 |
       Dungeon |   9109 |   8837 |    272 |   2072 |   5438 |   7 | 1301.3 |
        Temple |     68 |     57 |     11 |      0 |     50 |   1 |   68.0 |
               +--------+--------+--------+--------+--------+-----+--------+

Top non-repeatable levels by time:
     D:6: 1933 daAuts
     D:7: 1857 daAuts
     D:5: 1383 daAuts
     D:4: 1232 daAuts
     D:2: 1030 daAuts
     D:1: 904 daAuts
     D:3: 769 daAuts
  Temple: 68 daAuts
